| TOP OF THE 1ST |
|
Frisco RoughRiders batting - Pitching for Akron RubberDucks : LHP Fred Kelly
|
|
Pitching: LHP Fred Kelly
|
|
|
Batting: RHB Adryão Anto
|
0-0: Ball 1-0: Ball 2-0: Swinging Strike 2-1: Foul Ball, location: 2F 2-2: Foul Ball, location: 2F 2-2: Ground out 6-3 (Groundball, 6, EV 108.1 MPH)
|
|
Batting: RHB Brandon Davis
|
0-0: Fly out, F7 (Flyball, 7, EV 78.1 MPH)
|
|
Batting: RHB Andrew Clarke
|
0-0: Fly out, F8 (Flyball, 8RXD, EV 111.2 MPH)
|
| Top of the 1st over - 0 runs, 0 hits, 0 errors, 0 left on base; Frisco 0 - Akron 0 |
| BOTTOM OF THE 1ST |
|
Akron RubberDucks batting - Pitching for Frisco RoughRiders : LHP John Roe
|
|
Pitching: LHP John Roe
|
|
|
Batting: LHB Nick Welling
|
0-0: Called Strike 0-1: Ball 1-1: Ball 2-1: Foul Ball, location: 2F 2-2: Foul Ball, location: 2F 2-2: Strikes out swinging
|
|
Batting: SHB Arturo Baez
|
0-0: Ball 1-0: Ball 2-0: Foul Ball, location: 2F 2-1: Fly out, F9 (Flyball, 9LD, EV 104.4 MPH)
|
|
Batting: RHB Carlos Abrego
|
0-0: Fly out, F2 (Popup, 15S, EV 92.5 MPH)
|
| Bottom of the 1st over - 0 runs, 0 hits, 0 errors, 0 left on base; Frisco 0 - Akron 0 |
| TOP OF THE 2ND |
|
Frisco RoughRiders batting - Pitching for Akron RubberDucks : LHP Fred Kelly
|
|
Batting: RHB Kurt Wagner
|
0-0: Ball 1-0: Called Strike 1-1: Ball 2-1: Foul Ball, location: 2F 2-2: Ground out 4-3 (Groundball, P, EV 80.6 MPH)
|
|
Batting: SHB Isaiah Cherry
|
0-0: Ground out 5-3 (Groundball, 5, EV 109.4 MPH)
|
|
Batting: RHB Jason Swisher
|
0-0: Swinging Strike 0-1: Ball 1-1: Fly out, F3 (Popup, 3SF, EV 74.4 MPH)
|
| Top of the 2nd over - 0 runs, 0 hits, 0 errors, 0 left on base; Frisco 0 - Akron 0 |
| BOTTOM OF THE 2ND |
|
Akron RubberDucks batting - Pitching for Frisco RoughRiders : LHP John Roe
|
|
Batting: LHB Costodio Varino
|
0-0: Ball 1-0: Foul Ball, location: 2F 1-1: Foul Ball, location: 2F 1-2: Strikes out swinging
|
|
Batting: RHB Eric Kuck
|
0-0: Ball 1-0: Called Strike 1-1: Ball 2-1: Ball 3-1: Base on Balls
|
|
Batting: LHB Justin Rankin
|
0-0: Ball 1-0: Ball 2-0: Called Strike 2-1: Swinging Strike 2-2: Strikes out looking
|
|
Batting: RHB Willie Gonzales
|
0-0: Swinging Strike 0-1: Foul Ball, location: 2F 0-2: Fly out, F8 (Flyball, 8LM, EV 81.9 MPH)
|
| Bottom of the 2nd over - 0 runs, 0 hits, 0 errors, 1 left on base; Frisco 0 - Akron 0 |
| TOP OF THE 3RD |
|
Frisco RoughRiders batting - Pitching for Akron RubberDucks : LHP Fred Kelly
|
|
Batting: SHB Reagan Dudley
|
0-0: Called Strike 0-1: Ground out 6-3 (Groundball, 6, EV 87.5 MPH)
|
|
Batting: RHB Gavin Fimple
|
0-0: TRIPLE (Flyball, 89XD, EV 101.2 MPH)
|
|
Batting: LHB Justin Barker
|
0-0: Ball 1-0: Foul Ball, location: 2F 1-1: Swinging Strike 1-2: Ground out 2-3 (Groundball, 15S, EV 67.5 MPH)
|
|
Batting: RHB Adryão Anto
|
0-0: Ball 1-0: Ball 2-0: Called Strike 2-1: Foul Ball, location: 2F 2-2: Ball 3-2: Base on Balls
|
|
Batting: RHB Brandon Davis
|
0-0: Ball 1-0: Foul Ball, location: 2F 1-1: Swinging Strike 1-2: Foul Ball, location: 2F 1-2: SINGLE (Groundball, 6MD, EV 95.0 MPH) Gavin Fimple scores Adryão Anto to second Runner from 2nd tries for 3rd, SAFE, no throw by CF
|
|
Batting: RHB Andrew Clarke
|
0-0: Ball 1-0: Swinging Strike 1-1: Foul Ball, location: 2F 1-2: Ball 2-2: Strikes out looking
|
| Top of the 3rd over - 1 run, 2 hits, 0 errors, 2 left on base; Frisco 1 - Akron 0 |
| BOTTOM OF THE 3RD |
|
Akron RubberDucks batting - Pitching for Frisco RoughRiders : LHP John Roe
|
|
Batting: LHB Yasuo Igarashi
|
0-0: Ball 1-0: DOUBLE (Line Drive, 89D, EV 107.5 MPH)
|
|
Batting: LHB Sam Ogg
|
0-0: Called Strike 0-1: Ball 1-1: Fly out, F7 (Line Drive, 78M, EV 95.0 MPH)
|
|
Batting: LHB Nick Welling
|
0-0: Foul Ball, location: 2F 0-1: Swinging Strike 0-2: Ball 1-2: Strikes out swinging
|
|
Batting: SHB Arturo Baez
|
0-0: Called Strike 0-1: Ball 1-1: Swinging Strike 1-2: Foul Ball, location: 2F 1-2: Foul Ball, location: 2F 1-2: Strikes out swinging
|
| Bottom of the 3rd over - 0 runs, 1 hit, 0 errors, 1 left on base; Frisco 1 - Akron 0 |
| TOP OF THE 4TH |
|
Frisco RoughRiders batting - Pitching for Akron RubberDucks : LHP Fred Kelly
|
|
Batting: RHB Kurt Wagner
|
0-0: Foul Ball, location: 2F 0-1: Ball 1-1: Ball 2-1: SINGLE (Groundball, 56D, EV 94.4 MPH)
|
|
Batting: SHB Isaiah Cherry
|
0-0: Ball 1-0: Called Strike 1-1: Ball 2-1: SINGLE (Groundball, 56S, EV 71.2 MPH) (infield hit) Kurt Wagner to second
|
|
Batting: RHB Jason Swisher
|
0-0: SINGLE (Groundball, 56, EV 101.9 MPH) Kurt Wagner to third Isaiah Cherry to second
|
|
Batting: SHB Reagan Dudley
|
0-0: Swinging Strike 0-1: Ball 1-1: Ball 2-1: Ball 3-1: Foul Ball, location: 2F 3-2: Foul Ball, location: 2F 3-2: Strikes out swinging
|
|
Batting: RHB Gavin Fimple
|
0-0: Fly out, F4 (Popup, 34D, EV 48.1 MPH)
|
|
Batting: LHB Justin Barker
|
0-0: Ball 1-0: Foul Ball, location: 2F 1-1: Fly out, F5 (Popup, 5F, EV 66.9 MPH)
|
| Top of the 4th over - 0 runs, 3 hits, 0 errors, 3 left on base; Frisco 1 - Akron 0 |
| BOTTOM OF THE 4TH |
|
Akron RubberDucks batting - Pitching for Frisco RoughRiders : LHP John Roe
|
|
Batting: RHB Carlos Abrego
|
0-0: Called Strike 0-1: Fly out, F8 (Flyball, 78S, EV 75.6 MPH)
|
|
Batting: LHB Costodio Varino
|
0-0: Foul Ball, location: 2F 0-1: Foul Ball, location: 2F 0-2: Foul Ball, location: 2F 0-2: Ball 1-2: Strikes out swinging
|
|
Batting: RHB Eric Kuck
|
0-0: Ball 1-0: Foul Ball, location: 2F 1-1: Ground out 4-3 (Groundball, 4, EV 107.5 MPH)
|
| Bottom of the 4th over - 0 runs, 0 hits, 0 errors, 0 left on base; Frisco 1 - Akron 0 |
| TOP OF THE 5TH |
|
Frisco RoughRiders batting - Pitching for Akron RubberDucks : LHP Fred Kelly
|
|
Batting: RHB Adryão Anto
|
0-0: Ball 1-0: Called Strike 1-1: Ball 2-1: Fly out, F8 (Flyball, 8LS, EV 81.9 MPH)
|
|
Batting: RHB Brandon Davis
|
0-0: Ball 1-0: Reached on error, E5 (Groundball, 5, EV 96.9 MPH)
|
|
Batting: RHB Andrew Clarke
|
0-0: SINGLE (Flyball, 56D, EV 88.8 MPH) Brandon Davis to second
|
|
Batting: RHB Kurt Wagner
|
0-0: Called Strike 0-1: Foul Ball, location: 2F 0-2: SINGLE (Line Drive, 3D, EV 100.0 MPH) Brandon Davis to third Andrew Clarke to second
|
|
Batting: SHB Isaiah Cherry
|
0-0: Ball 1-0: Foul Ball, location: 2F 1-1: Swinging Strike 1-2: Fielders Choice at 2nd, 4-6 (Groundball, 4, EV 86.2 MPH) Brandon Davis scores Andrew Clarke to third
|
|
Batting: RHB Jason Swisher
|
0-0: Foul Ball, location: 2F 0-1: Ball 1-1: Foul Ball, location: 2F 1-2: Fly out, F8 (Flyball, 8LD, EV 104.4 MPH)
|
| Top of the 5th over - 1 run, 2 hits, 1 error, 2 left on base; Frisco 2 - Akron 0 |
| BOTTOM OF THE 5TH |
|
Akron RubberDucks batting - Pitching for Frisco RoughRiders : LHP John Roe
|
|
Batting: LHB Justin Rankin
|
0-0: Called Strike 0-1: Swinging Strike 0-2: Ball 1-2: Ball 2-2: Strikes out looking
|
|
Batting: RHB Willie Gonzales
|
0-0: Ball 1-0: Called Strike 1-1: Called Strike 1-2: Ball 2-2: Strikes out swinging
|
|
Batting: LHB Yasuo Igarashi
|
0-0: SINGLE (Groundball, 15S, EV 76.2 MPH) (infield hit)
|
|
Batting: LHB Sam Ogg
|
0-0: Foul Ball, location: 2F 0-1: Called Strike Yasuo Igarashi steals 2nd base 0-2: Fly out, F9 (Flyball, 9D, EV 95.6 MPH)
|
| Bottom of the 5th over - 0 runs, 1 hit, 0 errors, 1 left on base; Frisco 2 - Akron 0 |
| TOP OF THE 6TH |
|
Frisco RoughRiders batting - Pitching for Akron RubberDucks : LHP Fred Kelly
|
|
Batting: SHB Reagan Dudley
|
0-0: Foul Ball, location: 2F 0-1: Called Strike 0-2: Ball 1-2: Foul Ball, location: 2F 1-2: Ball 2-2: Foul Ball, location: 2F 2-2: Ball 3-2: Ground out 1-3 (Groundball, P, EV 71.2 MPH)
|
|
Batting: RHB Gavin Fimple
|
0-0: Ball 1-0: Ball 2-0: Ground out 4-3 (Groundball, 4, EV 83.8 MPH)
|
|
Batting: LHB Justin Barker
|
0-0: Ball 1-0: Foul Ball, location: 2F 1-1: Ball 2-1: Foul Ball, location: 2F 2-2: Foul Ball, location: 2F 2-2: Ground out 6-3 (Groundball, 6M, EV 85.6 MPH)
|
| Top of the 6th over - 0 runs, 0 hits, 0 errors, 0 left on base; Frisco 2 - Akron 0 |
| BOTTOM OF THE 6TH |
|
Akron RubberDucks batting - Pitching for Frisco RoughRiders : LHP John Roe
|
|
Batting: LHB Nick Welling
|
0-0: Called Strike 0-1: DOUBLE (Line Drive, 7LM, EV 107.5 MPH)
|
|
Batting: SHB Arturo Baez
|
0-0: Ball 1-0: Ball 2-0: Ball 3-0: Called Strike 3-1: Called Strike 3-2: Strikes out swinging
|
|
Batting: RHB Carlos Abrego
|
0-0: Ball 1-0: Ground out 6-3 (Groundball, 6, EV 80.0 MPH) Nick Welling to third
|
|
Batting: LHB Costodio Varino
|
0-0: Swinging Strike 0-1: Called Strike 0-2: Ball 1-2: Ball 2-2: Strikes out swinging
|
| Bottom of the 6th over - 0 runs, 1 hit, 0 errors, 1 left on base; Frisco 2 - Akron 0 |
| TOP OF THE 7TH |
|
Frisco RoughRiders batting - Pitching for Akron RubberDucks : LHP Fred Kelly
|
|
Pitching: RHP Marquis Williams
|
|
|
Batting: RHB Adryão Anto
|
0-0: Called Strike 0-1: Swinging Strike 0-2: Ball 1-2: Strikes out looking
|
|
Batting: RHB Brandon Davis
|
0-0: Ball 1-0: Called Strike 1-1: Ball 2-1: Ball 3-1: Foul Ball, location: 2F 3-2: Fly out, F9 (Flyball, 9S, EV 85.6 MPH)
|
|
Batting: RHB Andrew Clarke
|
0-0: Swinging Strike 0-1: Swinging Strike 0-2: Strikes out looking
|
| Top of the 7th over - 0 runs, 0 hits, 0 errors, 0 left on base; Frisco 2 - Akron 0 |
| BOTTOM OF THE 7TH |
|
Akron RubberDucks batting - Pitching for Frisco RoughRiders : LHP John Roe
|
|
Batting: RHB Eric Kuck
|
0-0: Ball 1-0: Ball 2-0: Called Strike 2-1: Foul Ball, location: 2F 2-2: Ball 3-2: Base on Balls
|
|
Batting: LHB Justin Rankin
|
0-0: Ball 1-0: Swinging Strike 1-1: Called Strike 1-2: Ball 2-2: Foul Ball, location: 2F 2-2: Strikes out swinging
|
|
Pitching: RHP Elvis Diaz
|
|
|
Batting: RHB Willie Gonzales
|
0-0: Ball 1-0: Foul Ball, location: 2F 1-1: SINGLE (Flyball, 89S, EV 88.8 MPH) Eric Kuck to second Runner from 2nd tries for 3rd, SAFE, throw by RF made to third
|
|
Batting: LHB Yasuo Igarashi
|
0-0: Foul Ball, location: 2F 0-1: Called Strike 0-2: Strikes out looking
|
|
Pitching: LHP Justin Harris
|
|
|
Pinch Hitting: RHB Greg Harden
|
0-0: Foul Ball, location: 2F 0-1: Foul Ball, location: 2F 0-2: Strikes out looking
|
| Bottom of the 7th over - 0 runs, 1 hit, 0 errors, 2 left on base; Frisco 2 - Akron 0 |
| TOP OF THE 8TH |
|
Frisco RoughRiders batting - Pitching for Akron RubberDucks : RHP Marquis Williams
|
|
Now at 1B: Rich Walker
|
|
|
Batting: RHB Kurt Wagner
|
0-0: Ball 1-0: Ball 2-0: Ball 3-0: Called Strike 3-1: Foul Ball, location: 2F 3-2: Strikes out swinging
|
|
Batting: SHB Isaiah Cherry
|
0-0: Foul Ball, location: 2F 0-1: Swinging Strike 0-2: SINGLE (Line Drive, 6MD, EV 96.9 MPH)
|
|
Batting: RHB Jason Swisher
|
0-0: Called Strike 0-1: Ball 1-1: Ball 2-1: SINGLE (Groundball, 13S, EV 76.2 MPH) (infield hit) Isaiah Cherry to second
|
|
Batting: SHB Reagan Dudley
|
0-0: Ball 1-0: Ball 2-0: Ball 3-0: Called Strike 3-1: Fly out, F8 (Flyball, 8LM, EV 87.5 MPH)
|
|
Batting: RHB Gavin Fimple
|
0-0: Called Strike 0-1: Swinging Strike 0-2: Ball 1-2: Strikes out swinging
|
| Top of the 8th over - 0 runs, 2 hits, 0 errors, 2 left on base; Frisco 2 - Akron 0 |
| BOTTOM OF THE 8TH |
|
Akron RubberDucks batting - Pitching for Frisco RoughRiders : LHP Justin Harris
|
|
Now in LF: Brandon Davis
|
|
|
Now in RF: Salvador Caldera
|
|
|
Batting: LHB Nick Welling
|
0-0: Called Strike 0-1: Called Strike 0-2: Foul Ball, location: 2F 0-2: Strikes out swinging
|
|
Pitching: RHP Willie Felix
|
|
|
Batting: SHB Arturo Baez
|
0-0: Called Strike 0-1: Ball 1-1: Foul Ball, location: 2F 1-2: Ball 2-2: Ball 3-2: Foul Ball, location: 2F 3-2: Strikes out swinging
|
|
Batting: RHB Carlos Abrego
|
0-0: Ball 1-0: Ground out 5-3 (Groundball, 56S, EV 80.0 MPH)
|
| Bottom of the 8th over - 0 runs, 0 hits, 0 errors, 0 left on base; Frisco 2 - Akron 0 |
| TOP OF THE 9TH |
|
Frisco RoughRiders batting - Pitching for Akron RubberDucks : RHP Marquis Williams
|
|
Pitching: LHP Victor Garcia
|
|
|
Batting: LHB Justin Barker
|
0-0: Ball 1-0: Swinging Strike 1-1: SINGLE (Groundball, 6MD, EV 101.2 MPH) (infield hit)
|
|
Batting: RHB Adryão Anto
|
0-0: Ball 1-0: Called Strike 1-1: Ball 2-1: Foul Ball, location: 2F 2-2: Foul Ball, location: 2F 2-2: Foul Ball, location: 2F 2-2: Fly out, F9 (Flyball, 9S, EV 92.5 MPH)
|
|
Batting: RHB Brandon Davis
|
0-0: Ball 1-0: Foul Ball, location: 2F 1-1: Fielders Choice at 2nd, 6-4 (Groundball, 6, EV 89.4 MPH)
|
|
Batting: RHB Andrew Clarke
|
0-0: Ball 1-0: Ball 2-0: Called Strike 2-1: Swinging Strike 2-2: Foul Ball, location: 2F 2-2: Ball 3-2: Base on Balls Brandon Davis to second
|
|
Batting: RHB Salvador Caldera
|
0-0: Foul Ball, location: 2F 0-1: Foul Ball, location: 2F 0-2: DOUBLE (Groundball, 3D, EV 100.6 MPH) Brandon Davis scores Andrew Clarke to third Runner from 3rd tries for Home, SAFE, no throw by RF
|
|
Batting: SHB Isaiah Cherry
|
0-0: Foul Ball, location: 2F 0-1: Ball 1-1: Ground out 5-3 (Groundball, 5S, EV 79.4 MPH)
|
| Top of the 9th over - 2 runs, 2 hits, 0 errors, 1 left on base; Frisco 4 - Akron 0 |
| BOTTOM OF THE 9TH |
|
Akron RubberDucks batting - Pitching for Frisco RoughRiders : RHP Willie Felix
|
|
Batting: LHB Costodio Varino
|
0-0: Ball 1-0: Called Strike 1-1: Fly out, F5 (Popup, 5SF, EV 78.1 MPH)
|
|
Batting: RHB Eric Kuck
|
0-0: Called Strike 0-1: Swinging Strike 0-2: Ball 1-2: Ball 2-2: Ground out 6-3 (Groundball, 6, EV 78.1 MPH)
|
|
Batting: LHB Justin Rankin
|
0-0: DOUBLE (Flyball, 89D, EV 90.6 MPH)
|
|
Batting: RHB Willie Gonzales
|
0-0: Ball 1-0: Called Strike 1-1: Called Strike 1-2: Ball 2-2: Ground out 6-3 (Groundball, P, EV 87.5 MPH)
|
| Bottom of the 9th over - 0 runs, 1 hit, 0 errors, 1 left on base; Frisco 4 - Akron 0 |
|